Map: [ESL] Oceanborn

Players

Wayne - Winner!

  • Race: Zerg Zerg
  • Spawn Location: 5:00

Clem

  • Race: Terran Terran
  • Spawn Location: 11:00

Event: ESL SC2 Masters 2023 Winter (Regional)

VOD

Have the link to the VOD?

Description

Time

  • Played on: Oct. 28, 2023, 11:43 a.m.
  • Length: 6:59

All games in this series

Show
View Real Time Build Order
Export as new Build Order

Wayne Zerg - Winner!

Build Orders: Hatch First 

Get SALT Encoding   

  12  0:00  Drone  
  13  0:09  Drone  
  14  0:14  Extractor, Drone  
  15  0:36  Hatchery  
  15  0:41  Extractor  
  15  0:42  Drone  
  14  0:48  Overlord  
  15  1:03  Spawning Pool  
  14  1:06  Drone  
  14  1:09  Drone  
  16  1:13  Drone  
  16  1:17  Drone  
  18  1:29  Drone  
  18  1:31  Extractor  
  18  1:39  Drone  
  19  1:50  Drone, Queen x2  
  19  1:53  Overlord  
  24  1:59  Drone  
  25  2:01  Zergling x2  
  26  2:10  Drone  
  26  2:11  Zergling x2  
  28  2:21  Drone  
  29  2:24  Drone  
  29  2:26  Spore Crawler  
  30  2:30  Queen  
  30  2:32  Queen  
  34  2:37  Overlord  
  34  2:39  Drone  
  34  2:43  Zergling x2  
  36  2:57  Drone x3  
  39  2:59  Drone  
  39  3:01  Drone x2  
  39  3:03  Overlord  
  42  3:09  Lair  
  42  3:14  Drone x2  
  44  3:20  Extractor  
  44  3:21  Extractor  
  44  3:23  Drone  
  44  3:24  Drone x2  
  44  3:26  Metabolic Boost  
  45  3:30  Drone x2  
  47  3:38  Drone x2  
  49  3:41  Drone x2  
  49  3:42  Drone  
  52  3:51  Hatchery  
  51  3:55  Overlord  
  51  3:57  Extractor  
  51  3:59  Drone  
  51  4:01  Drone  
  52  4:08  Spire  
  52  4:09  Drone  
  52  4:10  Overseer  
  52  4:15  Drone x2  
  52  4:16  Drone  
  55  4:20  Overlord  
  55  4:22  Zergling x4  
  57  4:26  Overlord  
  57  4:33  Overlord  
  57  4:34  Zergling x4  
  57  4:38  Overlord  
  59  4:39  Zergling x2  
  60  4:51  Zergling x4  
  62  4:53  Overlord  
  54  5:13  Drone x2, Queen  
  58  5:22  Mutalisk x6  
  70  5:33  Zergling x4  
  70  5:34  Zergling x2  
  72  5:37  Mutalisk x2  
  72  5:38  Overlord  
  72  5:41  Zergling x4  
  78  5:45  Zergling x2, Mutalisk  
  81  5:53  Zergling x2  
  81  5:54  Zergling x12  
  88  6:05  Zergling x6  
  88  6:10  Mutalisk  
  93  6:20  Mutalisk x3  
  93  6:22  Zergling x12  
  95  6:27  Drone x2  
  95  6:32  Drone  
  95  6:38  Drone x2  
  95  6:39  Baneling Nest  
Show
View Real Time Build Order
Export as new Build Order

Clem Terran 

Build Orders:  

Get SALT Encoding   

  12  0:00  SCV  
  13  0:12  SCV  
  14  0:18  Supply Depot  
  14  0:24  SCV  
  15  0:40  SCV  
  15  0:42  Barracks  
  16  0:43  Refinery  
  16  0:52  SCV  
  17  0:59  Barracks  
  17  1:04  SCV  
  18  1:16  SCV  
  19  1:28  Reaper  
  19  1:30  Orbital Command  
  20  1:33  Supply Depot  
  20  1:46  Reaper  
  21  1:55  SCV  
  22  2:03  Reaper  
  22  2:07  Command Center  
  23  2:10  SCV  
  24  2:17  Refinery  
  24  2:22  SCV  
  26  2:34  SCV  
  26  2:40  Factory  
  26  2:46  SCV  
  27  2:53  Barracks Reactor  
  28  2:58  SCV  
  28  3:02  Command Center  
  28  3:04  Supply Depot  
  28  3:09  Barracks Tech Lab  
  28  3:10  SCV  
  29  3:20  Orbital Command  
  29  3:22  SCV  
  30  3:30  Marine  
  30  3:32  Cyclone  
  33  3:35  Cyclone  
  33  3:37  SCV  
  33  3:39  Barracks Reactor  
  36  3:43  Stimpack  
  36  3:45  SCV  
  37  3:49  SCV  
  37  3:51  Marine  
  39  3:58  SCV  
  39  4:01  SCV  
  41  4:04  Hellion  
  41  4:07  Hellion  
  45  4:10  SCV, Starport  
  45  4:13  SCV  
  45  4:15  Orbital Command  
  45  4:17  Marine  
  47  4:18  Marine  
  47  4:20  Marine  
  47  4:22  SCV  
  51  4:25  SCV  
  51  4:31  Hellion  
  54  4:33  Hellion  
  54  4:34  Marine, SCV  
  54  4:38  SCV  
  59  4:40  SCV, Supply Depot  
  59  4:41  Marine x2  
  62  4:46  SCV  
  62  4:52  SCV  
  64  4:54  Marine, SCV  
  64  5:00  SCV, Marine  
  64  5:01  Marine  
  64  5:04  Factory Tech Lab  
  64  5:05  SCV  
  64  5:06  Medivac  
  64  5:07  Medivac  
  65  5:11  Barracks  
  65  5:12  Marine, Supply Depot  
  65  5:13  Refinery  
  66  5:14  Refinery  
  66  5:15  Orbital Command  
  66  5:17  Marine  
  66  5:18  SCV  
  66  5:19  SCV, Marine  
  70  5:24  Engineering Bay  
  70  5:26  Engineering Bay  
  70  5:30  SCV, Marine  
  70  5:33  Siege Tank  
  70  5:35  Marine  
  75  5:36  SCV  
  75  5:40  SCV  
  75  5:41  Marine  
  75  5:42  SCV  
  80  5:44  Supply Depot  
  80  5:48  SCV  
  81  5:51  Missile Turret  
  81  5:52  Missile Turret, SCV  
  81  5:54  Missile Turret  
  81  5:55  Marine  
  83  6:01  Barracks Reactor, Medivac  
  85  6:06  Medivac, Marine x2, SCV  
  85  6:08  Supply Depot, SCV  
  91  6:13  Supply Depot  
  91  6:16  Marine  
  88  6:23  Marine x2  
  81  6:29  SCV  
  81  6:30  SCV  
  81  6:31  SCV  
  75  6:34  Marine  
  75  6:38  Marine x2  
  76  6:49  Barracks x2  
Tags
 
Add a new tag
Caveats
  • Supply blocks, unpowered buildings, or Contaminate may cause inaccurate times.
  • Supply counts are checked every 10 seconds.